 Dungeon Crawl Stone Soup version 0.31.0-9-g3a7656b989 (webtiles) character file.

Game seed: 17996406702956472951

781 qw the Skirmisher (level 7, -1/40 HPs)
             Began as a Deep Elf Hunter on Feb 2, 2024.
             Slain by an orc priest
             ... wielding a +0 hand axe
              (5 damage)
             ... on level 5 of the Dungeon.
             The game lasted 00:00:13 (3297 turns).

qw the Skirmisher (Deep Elf Hunter)                 Turns: 3297, Time: 00:00:14

Health: -1/40      AC:  5    Str:  9    XL:     7   Next: 55%
Magic:  9/9        EV: 12    Int: 13    God:
Gold:   286        SH:  0    Dex: 22    Spells: 6/6 levels left

rFire   + . .        a - +1 shortbow
rCold   . . .        (shield currently unavailable)
rNeg    . . .        h - +0 ring mail {rPois}
rPois   +            (no helmet)
rElec   .            (no cloak)
rCorr   .            (no gloves)
SInv    .            (no boots)
Will    .....        (no amulet)
Stlth   ++           i - ring of protection from fire
HPRegen 0.26/turn    (no ring)
MPRegen 0.11/turn

%: no passive effects
@: brilliant, about to teleport
A: agile 1
a: no special abilities


You were on level 5 of the Dungeon.
You visited 2 branches of the dungeon, and saw 7 of its levels.

You collected 286 gold pieces.


Innate Abilities, Weirdness & Mutations

You are agile. (Dex +4, Str/Int -1)


   Skills:
 - Level 2.8 Fighting
 - Level 11.0 Ranged Weapons
 + Level 0.0 Armour
 - Level 4.1 Dodging
 - Level 1.2 Stealth


You had 6 spell levels left.
You didn't know any spells.
Your spell library was empty.

Inventory:

Hand Weapons
 a - a +1 shortbow (weapon)
Armour
 h - a +0 ring mail of poison resistance (worn)
Jewellery
 i - a ring of protection from fire (left hand)
Wands
 b - a wand of flame (41)
Potions
 e - 3 potions of curing
 f - a potion of mutation
 g - a potion of degeneration {unknown}
 k - 2 potions of enlightenment
 m - a potion of heal wounds {unknown}
 n - a potion of berserk rage {unknown}

Dungeon Overview and Level Annotations

Branches:
Dungeon (6/15)             Temple (1/1) D:4

Altars:
Elyvilon
Fedhas
Gozag
Kikubaaqudgha
Makhleb
Sif Muna
Yredelemnul
Zin
The Shining One

Shops:
D:2 :


Message History

The orc's wounds heal themselves!
The iguana bites you!
You shoot an arrow.
The arrow hits the iguana but does no damage.
The iguana is moderately wounded.
The orc misses you. The iguana bites you.
A wight comes into view. It is wielding a +0 war axe.
You shoot an arrow. The arrow closely misses the iguana.
The orc hits you with a +0 dagger. The iguana barely misses you.
You shoot an arrow. The arrow hits the iguana.
The iguana is heavily wounded.
The iguana closely misses you.
A wight comes into view. It is wielding a +0 scimitar.
You shoot an arrow. The arrow closely misses the iguana.
The orc hits you with a +0 dagger. The iguana closely misses you.
The orc hits you with a +0 club.
You shoot an arrow. The arrow hits the iguana!
You kill the iguana!
A jelly comes into view.
The orc priest misses you.
An orc wizard comes into view. It is wielding a +0 dagger.
A wight comes into view. It is wielding a +0 trident.
The orc hits you with a +0 dagger. The orc hits you but does no damage.
Your Dodging skill increases to level 4!
3295 ||| READING scroll of teleportation.
As you read the scroll of teleportation, it crumbles to dust.
You feel strangely unstable.
The orc priest hits you with a +0 hand axe.
The orc hits you with a +0 dagger. The orc closely misses you.
You shoot an arrow.
The arrow hits the orc priest but does no damage.
The orc priest hits you with a +0 hand axe.
The orc hits you with a +0 dagger. The jelly hits you but does no damage.
The orc closely misses you.
You shoot an arrow.
The arrow closely misses the orc priest.
The arrow hits the wight.
The wight is lightly damaged.
The wight completely misses you. The jelly hits you but does no damage.
The orc priest hits you with a +0 hand axe.
You die...

#
#.#########
#.J@o.z.z..
#..ooz...o..
#.##########
.. ..) .. .


You could see a jelly, 3 wights, an orc priest, an orc wizard and 2 orcs.

Vanquished Creatures
  An ice beast (D:4)
  A centaur (D:6)
  A scorpion (D:4)
  4 wights (D:6)
  A bombardier beetle (D:4)
  A jelly (D:6)
  An orc priest (D:6)
  2 hounds (D:6)
  An iguana (D:5)
  2 orc wizards
  3 adders
  A dart slug (D:1)
  3 ribbon worms
  9 orcs
  3 ball pythons
  10 endoplasms
  4 giant cockroaches
  7 goblins
  5 hobgoblins
  7 jackals
  8 kobolds
  2 quokkas
  5 bats
  3 frilled lizards
  A rat (D:1)
86 creatures vanquished.

Notes
Turn   | Place    | Note
-------+----------+-------------------------------------------
     0 | D:1      | qw the Deep Elf Hunter began the quest for the Orb.
     0 | D:1      | Reached XP level 1. HP: 12/12 MP: 3/3
     0 | D:1      | 0 ||| qw: Version: 0.3-a-155-g5e7d8dd
     0 | D:1      | 0 ||| qw: Game counter: 2759
     0 | D:1      | 0 ||| qw: Melee chars always use a shield: true
     0 | D:1      | 0 ||| qw: God list: Okawaru
     0 | D:1      | 0 ||| qw: Allow faded altars: false
     0 | D:1      | 0 ||| qw: Do Orc after clearing Dungeon:15 true
     0 | D:1      | 0 ||| qw: Do second Lair branch before Depths: true
     0 | D:1      | 0 ||| qw: Lair rune preference: random
     0 | D:1      | 0 ||| qw: Goals: Normal
     0 | D:1      | 0 ||| PLANNING D:1-11
   298 | D:1      | Reached XP level 2. HP: 16/16 MP: 4/4
   299 | D:1      | Reached skill level 6 in Ranged Weapons
   795 | D:1      | 795 ||| UPGRADING to +0 ring mail of poison resistance.
   805 | D:1      | 805 ||| DROPPING +0 leather armour.
   806 | D:1      | 806 ||| UPGRADING to ring of protection from fire.
   807 | D:1      | 807 ||| READING scroll labelled QUERCHE LEAKI.
   808 | D:1      | 808 ||| READING scroll labelled PIFITAASTRE.
   809 | D:1      | 809 ||| READING scroll labelled EMUUCSI WULOO.
   810 | D:1      | 810 ||| DROPPING scroll of butterflies.
   898 | D:2      | Reached XP level 3. HP: 16/20 MP: 5/5
   919 | D:2      | Found Pyaq's Book Boutique.
  1114 | D:2      | Reached skill level 7 in Ranged Weapons
  1321 | D:2      | 1321 ||| DROPPING ring of wizardry.
  1322 | D:2      | 1322 ||| READING scroll labelled UXAJ NOCUMI.
  1361 | D:2      | 1361 ||| READING scroll labelled RUMITH TATAC.
  1374 | D:3      | 1374 ||| STAIRDANCE
  1456 | D:3      | Found a faded altar of an unknown god.
  1932 | D:3      | Found a glowing silver altar of Zin.
  2033 | D:3      | Found a white marble altar of Elyvilon.
  2162 | D:3      | 2162 ||| DROPPING amulet of magic regeneration.
  2163 | D:3      | 2163 ||| READING scroll labelled SYUTOYNWAL.
  2163 | D:3      | 2163 ||| ENCHANTING +0 shortbow.
  2164 | D:3      | 2164 ||| READING scroll labelled NOOBIS GUIFO.
  2165 | D:3      | 2165 ||| READING scroll labelled OMMANOKUUS.
  2165 | D:3      | 2165 ||| IDENTIFYING blue potion
  2166 | D:3      | 2166 ||| READING scroll labelled SAFIRUDUMI.
  2167 | D:3      | 2167 ||| DRINKING 3 sedimented silvery potions.
  2168 | D:3      | 2168 ||| DRINKING 3 lumpy yellow potions.
  2169 | D:3      | 2169 ||| DRINKING 3 sedimented grey potions.
  2170 | D:3      | 2170 ||| DROPPING potion of ambrosia.
  2232 | D:4      | Reached XP level 4. HP: 25/25 MP: 6/6
  2312 | D:4      | Found a staircase to the Ecumenical Temple.
  2313 | D:4      | 2313 ||| PLANNING TEMPLE
  2313 | D:4      | 2313 ||| DRINKING 2 smoky green potions.
  2313 | D:4      | Gained mutation: You have sharp toenails. [potion of
                  | mutation]
  2313 | D:4      | Lost mutation: You have sharp toenails. [potion of
                  | mutation]
  2313 | D:4      | Gained mutation: You are agile. (Dex +4, Str/Int -1)
                  | [potion of mutation]
  2322 | Temple   | Entered the Ecumenical Temple
  2323 | Temple   | 2323 ||| PLANNING D:1-11
  2377 | D:4      | Noticed a scorpion
  2378 | D:4      | 2378 ||| DRINKING 2 potions of haste.
  2383 | D:4      | Killed a scorpion
  2384 | D:4      | Reached skill level 8 in Ranged Weapons
  2497 | D:4      | Reached XP level 5. HP: 29/29 MP: 7/7
  2595 | D:4      | Reached skill level 9 in Ranged Weapons
  2648 | D:4      | Noticed an ice beast
  2649 | D:4      | 2649 ||| DRINKING potion of haste.
  2659 | D:4      | Killed an ice beast
  2660 | D:4      | Reached XP level 6. HP: 36/36 MP: 8/8
  2687 | D:4      | You fall into a shaft and drop 2 floors!
  2747 | D:6      | Reached skill level 3 in Dodging
  2930 | D:6      | Reached skill level 10 in Ranged Weapons
  2930 | D:6      | Reached XP level 7. HP: 20/40 MP: 9/9
  3112 | D:6      | Reached skill level 11 in Ranged Weapons
  3165 | D:6      | 3165 ||| READING scroll of identify.
  3165 | D:6      | 3165 ||| IDENTIFYING bubbling clear potion
  3166 | D:6      | 3166 ||| READING scroll labelled PAXZOS QAESKI.
  3267 | D:6      | 3267 ||| DRINKING 2 smoky sapphire potions.
  3268 | D:6      | 3268 ||| DROPPING potion of invisibility.
  3269 | D:6      | 3269 ||| DROPPING potion of brilliance.
  3278 | D:5      | Entered Level 5 of the Dungeon
  3294 | D:5      | HP: 10/40 [orc/+0 dagger (2)]
  3295 | D:5      | 3295 ||| READING scroll of teleportation.
  3296 | D:5      | HP: 4/40 [orc priest/+0 hand axe (4)]
  3297 | D:5      | Slain by an orc priest

Levels and vault maps discovered:
D:1:      heliophobic_arrival_battle_scene, layout_loops_corners
D:2:      layout_rooms, serial_shops, shop
D:3:      layout_basic, mainiacjoe_overflow_six_doors_small,
          mainiacjoe_overflow_alcove_4, ebering_ecumenical_altar_webs
D:4:      layout_loops_ring, minmay_temple_entry_gardened_gates
D:5:      layout_loops_ring, pdpol_wu_jian_five_deadly_venoms,
          okawaru_ov_weapons_minmay, lemuel_round_altar, fiery_altar_vehumet,
          uniq_sigmund
D:6:      layout_loops_ring, mainiacjoe_overflow_brackets,
          nicolae_uskayaw_dance_studio
Temple:   nicolae_temple_little_seven

Skill      XL: |  1  2  3  4  5  6  7 |
---------------+----------------------+-----
Ranged Weapons | 6 7 8 9 10 11 | 11.0
Fighting       | 2 |  2.8
Dodging        | 3 4 |  4.1
Stealth        | |  1.2

Action                     |  1- 3 |  4- 6 |  7- 9 || total
---------------------------+-------+-------+-------++-------
   Fire: Shortbow          |   131 |   101 |    40 ||   272
    Use: Scroll            |     9 |       |     3 ||    12
         Potion            |     3 |     3 |     1 ||     7
 Armour: Leather armour    |     2 |       |       ||     2
         Ring mail         |    30 |    22 |    25 ||    77
  Dodge: Dodged            |    47 |    22 |    13 ||    82

Table legend:
 A = Non-vault XP
 B = Vault XP
 C = Vault XP percentage of total XP
 D = Non-vault monster count
 E = Vault monster count
 F = Vault count percentage of total count
                 A         B        C        D         E       F
            +---------+---------+-------+---------+---------+-------
      Total |    1116 |       0 |   0.0 |      86 |       0 |   0.0
            +---------+---------+-------+---------+---------+-------
        D:1 |      30 |       0 |   0.0 |      15 |       0 |   0.0
        D:2 |      42 |       0 |   0.0 |      23 |       0 |   0.0
        D:3 |      23 |       0 |   0.0 |      13 |       0 |   0.0
        D:4 |     314 |       0 |   0.0 |      18 |       0 |   0.0
        D:5 |      79 |       0 |   0.0 |       3 |       0 |   0.0
        D:6 |     628 |       0 |   0.0 |      14 |       0 |   0.0
            +---------+---------+-------+---------+---------+-------
